 Dungeon Crawl Stone Soup version 0.27-a0-1273-gec92ba881d (webtiles) character file.

Game seed: 3009691962000561721

104 pmoppi the Sneak (level 4, 0/27 HPs)
             Began as a Vampire Brigand on June 11, 2021.
             Slain by an iguana (6 damage)
             ... on level 4 of the Dungeon.
             The game lasted 00:02:16 (1535 turns).

pmoppi the Sneak (Vampire Brigand)                  Turns: 1535, Time: 00:02:17

Health: 0/27       AC:  3    Str:  9 (10) XL:     4   Next: 52%
Magic:  4/4        EV: 12    Int: 11 (13) God:
Gold:   11         SH:  0    Dex: 16      Spells: 3/3 levels left

rFire    . . .     SeeInvis +   a - +2 dagger
rCold    + + .     Faith    .   (no shield)
rNeg     + + +     Spirit   .   b - +0 robe
rPois    ∞         Reflect  .   (no helmet)
rElec    .         Harm     .   c - +0 cloak
rCorr    .         Rampage  .   (no gloves)
Will     .....                  (no boots)
Stlth    +++++.....             (no amulet)
HPRegen  0.00/turn              (no ring)
MPRegen  0.09/turn              (no ring)

@: bloodless
A: bloodless, fangs 3, see invisible, vampiric 2
a: Bat Form, Revivify


You were on level 4 of the Dungeon.
You visited 1 branch of the dungeon, and saw 3 of its levels.

You collected 11 gold pieces.

Inventory:

Hand Weapons
 a - a +2 dagger (weapon)
Missiles
 d - 8 poisoned darts (quivered)
 e - 2 curare-tipped darts
Armour
 b - a +0 robe (worn)
 c - a +0 cloak (worn)
Scrolls
 f - a scroll of summoning {unknown}
 h - a scroll of enchant armour {unknown}
 i - 2 scrolls of identify {unknown}
Potions
 g - a potion of haste {unknown}
 j - 2 potions of brilliance {unknown}


   Skills:
 + Level 2.5 Fighting
 * Level 3.7 Short Blades
 - Level 1.5 Throwing
 + Level 2.2 Dodging
 + Level 6.6 Stealth


You had 3 spell levels left.
You didn't know any spells.
Your spell library was empty.

Dungeon Overview and Level Annotations

Branches:
Dungeon (2/15)

Altars:


Innate Abilities, Weirdness & Mutations

You do not regenerate when monsters are visible.
You are frail without blood (-20% HP).
You can heal yourself when you bite living creatures.
You are immune to poison.
You have razor-sharp teeth.
You have supernaturally acute eyesight. (SInv)
You are afflicted with vampirism and can become a bat while bloodless.


Message History

No target in view!
j - 2 cyan potions An adder skeleton comes into view.
An adder skeleton is nearby!
An adder skeleton is nearby!
An adder skeleton is nearby!
The helpless adder skeleton fails to defend itself.
You impale the adder skeleton!!
You destroy the adder skeleton!
No target in view!
An iguana comes into view.
An iguana is nearby!
An iguana is nearby!
An iguana is nearby!
Found a stone staircase leading down.
The iguana hisses angrily.
You hit the iguana but do no damage. The iguana barely misses you.
You hit the iguana. Your bite misses the iguana.
The iguana is lightly wounded.
The iguana bites you!
You hit the iguana.
The iguana is moderately wounded.
The iguana bites you!
* * * LOW HITPOINT WARNING * * *
You are too injured to fight recklessly!
You are too injured to fight recklessly!
You are too injured to fight recklessly!
You are too injured to fight recklessly!
You are too injured to fight recklessly!
You are too injured to fight recklessly!
You are too injured to fight recklessly!
You are too injured to fight recklessly!
You are too injured to fight recklessly!
You are too injured to fight recklessly!
You hit the iguana.
The iguana is heavily wounded.
You completely miss the iguana.
The iguana is heavily wounded.
The iguana bites you.
You die...

##########
#########.......@#
............#....l......
#########.#.#>##.#######
# #.#.#.##.# ###
#.#.#.##.# ..#
#.#.#.##.# #.#####
#.#...##.# #.....#
#.######.# #.###.# #.#


You could see an iguana.

Vanquished Creatures
  A hound (D:4)
  Natasha (D:4)
  An adder (D:2)
  An adder skeleton (D:4)
  4 dart slugs (D:1)
  4 ball pythons
  3 bats (D:1)
  An endoplasm (D:1)
  A giant cockroach (D:1)
  2 hobgoblins (D:1)
  4 jackals (D:1)
  A quokka (D:1)
  A frilled lizard (D:2)
  4 kobolds (D:1)
  3 rats
32 creatures vanquished.

Notes
Turn   | Place    | Note
-------+----------+-------------------------------------------
     0 | D:1      | pmoppi the Vampire Brigand began the quest for the Orb.
     0 | D:1      | Reached XP level 1. HP: 16/16 MP: 1/1
   155 | D:1      | Reached skill level 6 in Stealth
   155 | D:1      | Reached XP level 2. HP: 19/22 MP: 2/2
   305 | D:1      | Found a faded altar of an unknown god.
   706 | D:1      | Gained mutation: You are afflicted with vampirism and can
                  | become a bat while bloodless. [Vampire growth]
   706 | D:1      | Reached XP level 3. HP: 20/21 MP: 3/3
  1241 | D:2      | You fall into a shaft and drop 2 floors!
  1242 | D:4      | Noticed Natasha
  1254 | D:4      | Killed Natasha
  1255 | D:4      | Reached XP level 4. HP: 9/27 MP: 4/4
  1535 | D:4      | Slain by an iguana

Illustrated notes

Levels and vault maps discovered:
D:1:      dpeg_chamrin_arrival_tetris, layout_loops_ring,
          ebering_ecumenical_altar_rust, serial_rivers,
          chequers_serial_rivers_large_b, chequers_serial_rivers_small_3,
          chequers_serial_rivers_micro_d, chequers_serial_rivers_large_a,
          chequers_serial_rivers_small_a, chequers_serial_rivers_micro_b
D:2:      layout_loops_corners, minmay_goblin_outpost
D:4:      layout_loops_ring, uniq_pikel, uniq_natasha

Skill      XL: |  1  2  3 |
---------------+----------+-----
Stealth        | 6 |  6.6
Fighting       | 2 |  2.5
Short Blades   | 3 |  3.7
Dodging        | 2 |  2.2
Throwing       | |  1.5

Action                   |  1- 3 |  4- 6 || total
-------------------------+-------+-------++-------
Melee: Dagger            |    72 |     7 ||    79
       Bite              |     5 |       ||     5
       Unarmed           |     5 |       ||     5
 Abil: Exsanguinate      |     1 |       ||     1
       End Transformatio |     1 |       ||     1
       Bat Form          |     1 |       ||     1
 Stab: Sleeping          |    16 |     2 ||    18
Armor: Robe              |    11 |       ||    11
Dodge: Dodged            |    24 |     1 ||    25

Table legend: (Time is in decaauts)
 A = Elapsed time spent in this place.
 B = Non-inter-level travel time spent in this place.
 C = Inter-level travel time spent in this place.
 D = Time resting spent in this place.
 E = Time spent auto-exploring this place.
 F = Levels seen in this place.
 G = Mean time per level.
                   A        B        C        D        E       F      G
               +--------+--------+--------+--------+--------+-----+--------+
         Total |   1515 |   1470 |     45 |      0 |   1260 |   3 |  505.0 |
       Dungeon |   1515 |   1470 |     45 |      0 |   1260 |   3 |  505.0 |
               +--------+--------+--------+--------+--------+-----+--------+

Top non-repeatable levels by time:
     D:1: 1130 daAuts
     D:4: 290 daAuts
     D:2: 94 daAuts
